 Dungeon Crawl Stone Soup version 0.15.1-3-g1b33baa (webtiles) character file.

116 CrazyArbalest the Shield-Bearer (level 5, -2/36 HPs)
             Began as a Halfling Fighter on Oct 8, 2014.
             Killed by divine providence
             ... invoked by an orc priest
              (13 damage)
             ... on Level 3 of the Dungeon.
             The game lasted 00:08:38 (2400 turns).

CrazyArbalest the Shield-Bearer (Halfling Fighter)  Turns: 2400, Time: 00:08:40

HP  -2/36        AC 11     Str 16      XL: 5   Next: 21%
MP   5/5         EV 10     Int  7      God:
Gold 172         SH  6     Dex 15      Spells:  0 memorised,  4 levels left

rFire  . . .     SeeInvis .     b - +0 hunting sling
rCold  . . .     Clarity  .     k - +0 scale mail {rN+}
rNeg   + . .     rCorr    .     c - +0 buckler
rPois  .         rRot     .     (no helmet)
rElec  .         Spirit   .     t - +2 cloak
SustAb .         Warding  .     (no gloves)
rMut   .         Stasis   .     i - +0 pair of boots
Gourm  .                        (no amulet)
MR     .....                    (no ring)
                                (no ring)

@: not resistant to hostile enchantments, extremely unstealthy
A: mutation resistance 1
a: no special abilities


You were on level 3 of the Dungeon.
You were not hungry.

You visited 1 branch of the dungeon, and saw 3 of its levels.

You collected 172 gold pieces.

Inventory:

Hand weapons
 a - a +0 cutlass
 b - a +0 hunting sling (weapon)
Missiles
 h - 14 stones (quivered)
Armour
 c - a +0 buckler (worn)
 i - a +0 pair of boots (worn)
 k - a +0 scale mail of positive energy (worn)
 r - a +0 robe of fire resistance
 t - a +2 cloak (worn)
 w - a +0 scale mail
Comestibles
 d - 3 bread rations
 g - a meat ration
 z - 2 chunks of goblin flesh
 B - 2 rotting chunks of hobgoblin flesh
Scrolls
 f - 2 scrolls of teleportation {unknown}
 n - 3 scrolls of noise {unknown}
 p - 2 scrolls of identify {unknown}
 q - a scroll of blinking {unknown}
 u - a scroll of fear {unknown}
 v - a scroll of immolation {unknown}
 x - a scroll of amnesia {unknown}
 C - a scroll of remove curse {unknown}
Jewellery
 y - an uncursed amulet of faith {unknown}
Potions
 e - a potion of might
 o - a potion of cancellation {unknown}
 s - a potion of brilliance {unknown}
Miscellaneous
 j - a plain deck of defence


   Skills:
 + Level 3.1 Fighting
 + Level 3.2 Short Blades
 * Level 1.5 Slings
 + Level 3.7 Armour
 + Level 2.4 Dodging
 + Level 0.4 Stealth
 + Level 4.0 Shields


You had 4 spell levels left.
You didn't know any spells.

Dungeon Overview and Level Annotations

Branches:
Dungeon (3/15)

Altars:
Nemelex Xobeh


Innate Abilities, Weirdness & Mutations

You are small and have problems with some larger weapons.
You are somewhat resistant to further mutation.


Message History

You shoot a stone.
The stone hits the orc priest but does no damage.
The orc priest is severely wounded.
The orc priest becomes somewhat translucent.
Firing (i - inventory):
h - 16 stones (quivered)
Press: ? - help, Shift-Dir - straight line, f/p - orc priest
Aim: an orc priest, wielding a club and wearing a ring mail (severely wounded)
You shoot a stone.
The stone closely misses the orc priest.
You block the orc priest's attack.
Firing (i - inventory):
h - 15 stones (quivered)
Press: ? - help, Shift-Dir - straight line, f/p - orc priest
Aim: an orc priest, wielding a club and wearing a ring mail (severely wounded)
You shoot a stone.
The stone hits the orc priest but does no damage.
The orc priest is severely wounded.
The orc priest glows brightly for a moment.
The orc priest mumbles some strange prayers to Beogh against you.
Something smites you!
You die...

# #.....#.# #..# #
#.....#.# ##.# .
+.....+.# #.# #
#.....########.##
#####...........#
#.########..#
#.#.........##
#.#.#######).# #+#
#.#.#.....@o(# #.#
#.#.#......#(###.#
#.#.#..#..##.(##.#
#.#.#.....##..##.#
#.#.##....##..o#.#
#.........##.#o#.#
###.###...##.#...#
#.#.....##.##..o......#
#.#.....##.##...(.....


You could see an orc priest.

Vanquished Creatures
  A crimson imp (D:3)
  2 adders
  A worm (D:2)
  2 giant geckos
  2 oozes (D:1)
  4 orcs
  A ball python (D:1)
  6 hobgoblins
  7 kobolds
  2 quokkas
  10 bats
  3 giant cockroaches
  2 giant newts (D:1)
  5 goblins
  9 rats
57 creatures vanquished.

Notes
Turn   | Place    | Note
--------------------------------------------------------------
     0 | D:1      | CrazyArbalest, the Halfling Fighter, began the quest for the Orb.
     0 | D:1      | Reached XP level 1. HP: 15/15 MP: 1/1
   161 | D:1      | Reached XP level 2. HP: 16/20 MP: 2/2
   499 | D:1      | Reached XP level 3. HP: 22/25 MP: 3/3
   504 | D:1      | Reached skill level 1 in Dodging
   881 | D:1      | Found a sparkling altar of Nemelex Xobeh.
  1147 | D:2      | Reached XP level 4. HP: 21/31 MP: 4/4
  1718 | D:2      | Reached skill level 4 in Shields
  2269 | D:3      | Reached skill level 1 in Slings
  2269 | D:3      | Reached XP level 5. HP: 36/36 MP: 5/5
  2400 | D:3      | Killed from afar by an orc priest

Action                   |  1- 3 |  4- 6 || total
-------------------------+-------+-------++-------
Melee: Cutlass           |   154 |    76 ||   230
 Fire: Hunting sling     |       |    37 ||    37
  Use: Potion            |       |     1 ||     1
  Eat: Chunk             |     1 |     4 ||     5
